 Dungeon Crawl Stone Soup version 0.30-a0-924-g0ad0bf95bc (webtiles) character file.

Game seed: 16337144068207997618

106 mopl the Sneak (level 4, -8/29 HPs)
             Began as an Octopode Brigand on Mar 21, 2023.
             Killed from afar by Natasha (10 damage)
             ... with a puff of flame
             ... on level 2 of the Dungeon on Mar 22, 2023.
             The game lasted 00:01:45 (1359 turns).

mopl the Sneak (Octopode Brigand)                   Turns: 1359, Time: 00:01:46

Health: -8/29      AC:  8    Str: 10    XL:     4   Next: 84%
Magic:  4/4        EV: 12    Int: 15    God:
Gold:   35         SH:  0    Dex: 13    Spells: 3/3 levels left

rFire   . . .      SeeInvis .    b - +2 short sword (protect)
rCold   . . .      Faith    .    (no shield)
rNeg    . . .      Spirit   .    (helmet restricted)
rPois   .          Reflect  .    j - amulet of magic regeneration
rElec   .          Rampage  .    f - ring of wizardry
rCorr   .                        (no ring)
Will    .....                    (no ring)
Stlth   ++++                     (no ring)
HPRegen 0.24/turn                (no ring)
MPRegen 0.49/turn                (no ring)
                                 (no ring)
                                 (no ring)

@: under a protective aura
A: almost no armour, amphibious, 8 rings, camouflage 1, gelatinous body 1,
(nimble swimmer 1), tentacles
a: no special abilities


You were on level 2 of the Dungeon.
You visited 1 branch of the dungeon, and saw 2 of its levels.

You collected 35 gold pieces.

Inventory:

Hand Weapons
 a - a +2 dagger
 b - a +2 short sword of protection (weapon)
Missiles
 c - 3 curare-tipped darts
 e - 9 poisoned darts (quivered)
Jewellery
 f - a ring of wizardry (left tentacle)
 j - an amulet of magic regeneration (around mantle)
Scrolls
 h - 2 scrolls of identify {unknown}
 i - 3 scrolls of enchant armour {unknown}
 m - a scroll of torment {unknown}
Potions
 d - a potion of attraction {unknown}
 g - a potion of might {unknown}
 k - a potion of heal wounds {unknown}
 l - a potion of cancellation {unknown}


   Skills:
 - Level 2.0 Fighting
 + Level 3.2 Short Blades
 + Level 3.1 Throwing
 - Level 1.0 Dodging
 + Level 6.5 Stealth


You had 3 spell levels left.
You didn't know any spells.
Your spell library was empty.

Dungeon Overview and Level Annotations

Branches:
Dungeon (2/15)

Altars:

Annotations:
D:2 Natasha


Innate Abilities, Weirdness & Mutations

You cannot wear most types of armour.
You are amphibious.
You can wear up to eight rings at the same time.
Your skin changes colour to match your surroundings (Stealth+).
Your rubbery body absorbs attacks. (AC +1, EV +1)
((You are camouflaged when in or above water. (Stealth+)))
You have tentacles for arms and can constrict up to eight enemies at once.


Message History

Found 3 stones.
The helpless goblin fails to defend itself.
You impale the goblin!!
Your weapon exudes an aura of protection.
You kill the goblin!
No target in view!
m - a scroll labelled LICOF BAUQUFUE You now have 35 gold pieces (gained 5).
Found 4 stones.
i - 3 scrolls labelled LIURUL LOTEY (gained 1)
You enter the deep water.
You enter the deep water.
Natasha, Servant of Life and Death comes into view.
She is carrying a wand of flame (13).
Found a war axe.
No target in view!
No target in view!
Saving game... please wait.
Level annotation: Natasha Welcome back, mopl the Octopode Brigand.
Press ? for a list of commands and other information.
A ball python comes into view.
No target in view!
Natasha hisses angrily.
Natasha drinks a potion.
Natasha seems to speed up.
Natasha zaps a wand.
The puff of flame hits you! Natasha claws you!
* * * LOW HITPOINT WARNING * * *
You barely miss Natasha. You grab Natasha. You squeeze Natasha.
Natasha is lightly wounded.
You constrict Natasha, but do no damage.
Natasha zaps a wand.
The puff of flame hits you.
* * * LOW HITPOINT WARNING * * *
You hit Natasha.
Your weapon exudes an aura of protection.
Natasha is moderately wounded.
You constrict Natasha. Natasha barely misses you.
You barely miss Natasha.
Natasha is heavily wounded.
You constrict Natasha. Natasha closely misses you.
Natasha zaps a wand.
The puff of flame hits you!
You die...

.........).....#####.~≈≈.......
.........#............~~...†...
......####......##....~~..†...#
...... #....<..#...~≈≈....).#
..... # #.......#.†..~~......#
..... ..##>...........~~.~~...#
.... .........###..~..≈......#
.... ...#.....h.......~.....##
....#....@####...~~~....# ...
#...........~≈~.~~..# ...
#...........~~~.....# ...
#..........~.~~.~~..#
.....#..####.(....≈≈.....#
#.................≈≈.....#
....#..#####.....#≈≈#....# ...
#..).........#≈≈###..# S.
..#...........##≈≈≈#.##


You could see Natasha (fast).

Vanquished Creatures
  Natasha (twice) (D:2)
  An adder (D:2)
  2 worms (D:2)
  A dart slug (D:2)
  3 bats (D:1)
  2 endoplasms
  4 giant cockroaches
  4 goblins
  7 hobgoblins
  2 quokkas (D:1)
  2 frilled lizards (D:2)
  5 kobolds
  4 rats
39 creatures vanquished.

Notes
Turn   | Place    | Note
-------+----------+-------------------------------------------
     0 | D:1      | mopl the Octopode Brigand began the quest for the Orb.
     0 | D:1      | Reached XP level 1. HP: 14/14 MP: 1/1
   131 | D:1      | Reached XP level 2. HP: 10/19 MP: 2/2
   903 | D:2      | Reached XP level 3. HP: 24/24 MP: 3/3
  1014 | D:2      | Noticed Natasha
  1025 | D:2      | Killed Natasha
  1026 | D:2      | Reached skill level 6 in Stealth
  1026 | D:2      | Reached XP level 4. HP: 16/29 MP: 4/4
  1109 | D:2      | Reached skill level 3 in Short Blades
  1181 | D:2      | Reached skill level 3 in Throwing
  1263 | D:2      | Noticed Natasha
  1271 | D:2      | Killed Natasha
  1343 | D:2      | Noticed Natasha
  1349 | D:2      | Upgraded the game from 0.30-a0-920-g7493c07aab to
                  | 0.30-a0-924-g0ad0bf95bc
  1359 | D:2      | Killed from afar by Natasha

Illustrated notes

Levels and vault maps discovered:
D:1:      psy_arrival_conway, layout_basic
D:2:      wad_river_or_something, layout_basic, dk_vineyard_2,
          chequers_serial_rivers_small_3, uniq_natasha

Skill      XL: |  1  2  3  4 |
---------------+-------------+-----
Stealth        | 6 |  6.5
Short Blades   | 3 |  3.2
Throwing       | 3 |  3.1
Fighting       | |  2.0
Dodging        | |  1.0

Action                     |  1- 3 |  4- 6 || total
---------------------------+-------+-------++-------
  Melee: Dagger            |    47 |       ||    47
         Constrict         |    12 |     4 ||    16
         Tentacles         |     8 |     6 ||    14
         Short sword       |    18 |    22 ||    40
         Punch             |       |     1 ||     1
  Throw: Dart              |     3 |       ||     3
   Stab: Sleeping          |     8 |     3 ||    11
         Distracted        |     1 |       ||     1
 Armour: Skin              |     6 |     1 ||     7
  Dodge: Dodged            |    23 |     6 ||    29

Table legend: (Time is in decaauts)
 A = Elapsed time spent in this place.
 B = Non-inter-level travel time spent in this place.
 C = Inter-level travel time spent in this place.
 D = Time resting spent in this place.
 E = Time spent auto-exploring this place.
 F = Levels seen in this place.
 G = Mean time per level.
                   A        B        C        D        E       F      G
               +--------+--------+--------+--------+--------+-----+--------+
         Total |   1356 |   1309 |     47 |    180 |    850 |   2 |  678.0 |
       Dungeon |   1356 |   1309 |     47 |    180 |    850 |   2 |  678.0 |
               +--------+--------+--------+--------+--------+-----+--------+

Top non-repeatable levels by time:
     D:1: 894 daAuts
     D:2: 462 daAuts
